 Dungeon Sprint DCSS version 0.22-a0-429-g97ce8ef (webtiles) character file.

25 jerryfan the Magician (level 3, -1/29 HPs)
             Began as a Gnoll Wanderer on May 25, 2018.
             Slain by an ogre
             ... wielding a +0 giant club
              (19 damage)
             ... in the Dungeon (Sprint I: "Red Sonja").
             The game lasted 00:00:34 (81 turns).

jerryfan the Magician (Gnoll Wanderer)                Turns: 81, Time: 00:00:34

Health: -1/29      AC:  5    Str: 14    XL:     3   Next: 4%
Magic:  9/9        EV:  9    Int: 13    God:
Gold:   0          SH:  9    Dex: 16    Spells: 12/12 levels left

rFire    . . .     SeeInvis .   b - +0 hand crossbow
rCold    . . .     Gourm    .   a - +0 shield
rNeg     . . .     Faith    .   n - +0 ring mail
rPois    .         Spirit   .   (no helmet)
rElec    .         Reflect  .   (no cloak)
rCorr    .         Harm     .   (no gloves)
MR       .....     NoTele   +   (no boots)
Stlth    +.........             (no amulet)
HPRegen  0.09/turn              (no ring)
MPRegen  0.11/turn              (no ring)

@: no status effects
A: distributed training, fangs 1, strong nose
a: no special abilities


You were in the Dungeon.
You were not hungry.

You visited 1 branch

Inventory:

Hand Weapons
 b - a +0 hand crossbow (weapon)
 m - a +0 club
Missiles
 c - 14 bolts (quivered)
Armour
 a - a +0 shield (worn)
 e - a +0 robe
 n - a +0 ring mail (worn)
Scrolls
 l - a scroll of blinking
Potions
 g - a potion of curing
 h - a potion of heal wounds
 i - a potion of haste
 j - 2 potions of magic
 k - a potion of berserk rage
Comestibles
 d - 2 chunks of flesh
 f - a ration


   Skills:
 + Level 3.1 Fighting
 + Level 1.7 Short Blades
 + Level 1.7 Long Blades
 + Level 1.7 Axes
 + Level 1.7 Maces & Flails
 + Level 1.7 Polearms
 + Level 1.7 Staves
 + Level 1.7 Slings
 + Level 1.7 Bows
 + Level 3.1 Crossbows
 + Level 1.7 Throwing
 + Level 3.1 Armour
 + Level 1.7 Dodging
 + Level 1.7 Stealth
 + Level 3.1 Shields
 + Level 1.7 Unarmed Combat
 + Level 5.2 Spellcasting
 + Level 1.3 Conjurations
 + Level 1.3 Hexes
 + Level 1.3 Charms
 + Level 1.3 Summonings
 + Level 2.5 Necromancy
 + Level 4.0 Translocations
 + Level 1.3 Transmutations
 + Level 1.3 Fire Magic
 + Level 1.3 Ice Magic
 + Level 1.3 Air Magic
 + Level 1.3 Earth Magic
 + Level 1.3 Poison Magic
 + Level 1.9 Invocations
 + Level 3.1 Evocations


You had 12 spell levels left.
You didn't know any spells.
Your spell library contained the following spells:

 Spells                   Type           Power        Failure   Level  Hunger
 Animate Skeleton         Necr           N/A          52%         1    None
 Regeneration             Chrm/Necr      #.........   92%         3    ###....


Dungeon Overview and Level Annotations

Branches:
Dungeon (1/1)

Altars:


Innate Abilities, Weirdness & Mutations

Your experience applies equally to all skills.
You have very sharp teeth.
Your uncanny sense of smell can sniff out nearby items.


Message History

The ogre is almost dead.
The ogre hits you with a giant club!
Firing (i - inventory)
c - 17 bolts (quivered)
Press: ? - help, Shift-Dir - straight line, f/p - ogre
Aim: an ogre, wielding a giant club (almost dead)
You shoot a bolt. The bolt closely misses the ogre.
The ogre closely misses you.
Firing (i - inventory)
c - 16 bolts (quivered)
Press: ? - help, Shift-Dir - straight line, f/p - ogre
Aim: an ogre, wielding a giant club (almost dead)
You shoot a bolt. The bolt hits the ogre.
The ogre is almost dead.
You block the ogre's attack.
Firing (i - inventory)
c - 15 bolts (quivered)
Press: ? - help, Shift-Dir - straight line, f/p - ogre
Aim: an ogre, wielding a giant club (almost dead)
You shoot a bolt. The bolt completely misses the ogre.
You block the ogre's attack. The ogre hits you with a giant club!!
Ouch! That really hurt!
You die...

##########
#<.#.@O.(#
#..'..#.(+
#..#### +#
#..# ∆∆
∆∆∆ #..#
∆∆ #..#
#⌠⌠# ####
∆∆


You could see an ogre.

Vanquished Creatures
  Ijyb (D)
1 creature vanquished.

Notes
Turn   | Place    | Note
-------+----------+-------------------------------------------
     0 | D        | jerryfan the Gnoll Wanderer began the quest for the Orb.
     0 | D        | jerryfan set off with: a +0 shield, a +0 hand crossbow, 25 bolts, a +0 robe, a ration, a potion of curing, a potion of heal wounds, a potion of haste, 2 potions of magic, a potion of berserk rage, a scroll of blinking
     0 | D        | Reached XP level 1. HP: 17/17 MP: 6/6
     1 | D        | Noticed Ijyb
     9 | D        | Killed Ijyb
     9 | D        | Reached skill level 1 in Short Blades
     9 | D        | Reached skill level 1 in Long Blades
     9 | D        | Reached skill level 1 in Axes
     9 | D        | Reached skill level 1 in Maces & Flails
     9 | D        | Reached skill level 1 in Polearms
     9 | D        | Reached skill level 1 in Staves
     9 | D        | Reached skill level 1 in Slings
     9 | D        | Reached skill level 1 in Bows
     9 | D        | Reached skill level 1 in Throwing
     9 | D        | Reached skill level 1 in Dodging
     9 | D        | Reached skill level 1 in Stealth
     9 | D        | Reached skill level 1 in Unarmed Combat
     9 | D        | Reached skill level 5 in Spellcasting
     9 | D        | Reached skill level 1 in Conjurations
     9 | D        | Reached skill level 1 in Hexes
     9 | D        | Reached skill level 1 in Charms
     9 | D        | Reached skill level 1 in Summonings
     9 | D        | Reached skill level 1 in Transmutations
     9 | D        | Reached skill level 1 in Fire Magic
     9 | D        | Reached skill level 1 in Ice Magic
     9 | D        | Reached skill level 1 in Air Magic
     9 | D        | Reached skill level 1 in Earth Magic
     9 | D        | Reached skill level 1 in Poison Magic
     9 | D        | Reached skill level 1 in Invocations
     9 | D        | Reached XP level 2. HP: 19/24 MP: 8/8
     9 | D        | Reached XP level 3. HP: 23/29 MP: 9/9
    73 | D        | Noticed an ogre
    81 | D        | Slain by an ogre

Vault maps used:
D:        dungeon_sprint_1

Skill      XL: |  1 |
---------------+----+-----
Fighting       | 3 |  3.1
Short Blades   | 1 |  1.7
Long Blades    | 1 |  1.7
Axes           | 1 |  1.7
Maces & Flails | 1 |  1.7
Polearms       | 1 |  1.7
Staves         | 1 |  1.7
Slings         | 1 |  1.7
Bows           | 1 |  1.7
Crossbows      | 3 |  3.1
Throwing       | 1 |  1.7
Armour         | 3 |  3.1
Dodging        | 1 |  1.7
Stealth        | 1 |  1.7
Shields        | 3 |  3.1
Unarmed Combat | 1 |  1.7
Spellcasting   | 5 |  5.2
Conjurations   | 1 |  1.3
Hexes          | 1 |  1.3
Charms         | 1 |  1.3
Summonings     | 1 |  1.3
Necromancy     | 2 |  2.5
Translocations | 4 |  4.0
Transmutations | 1 |  1.3
Fire Magic     | 1 |  1.3
Ice Magic      | 1 |  1.3
Air Magic      | 1 |  1.3
Earth Magic    | 1 |  1.3
Poison Magic   | 1 |  1.3
Invocations    | 1 |  1.9
Evocations     | 3 |  3.1

Action                   || total
-------------------------++-------
 Fire: Hand crossbow     ||    16
Armor: Robe              ||     1
Dodge: Dodged            ||     3
Block: Shield            ||     7

Table legend:
 A = Spawn XP
 B = Non-spawn XP
 C = Spawn XP percentage of total XP
 D = Spawn monster count
 E = Non-spawn monster count
 F = Spawn count percentage of total count
 G = Total turns spent on level
                    A         B        C        D         E        F      G
               +---------+---------+-------+---------+---------+-------+---------
         Total |       0 |      36 |   0.0 |       0 |       1 |   0.0 |    81
               +---------+---------+-------+---------+---------+-------+---------
             D |       0 |      36 |   0.0 |       0 |       1 |   0.0 |    81
               +---------+---------+-------+---------+---------+-------+---------
